 Dungeon Crawl Stone Soup version 0.14-a0-1361-g0512ea0 (webtiles) character file.

267 PolkaDot the Ruinous (level 5, -2/35 HPs)
             Began as a Vampire Conjurer on Dec 7, 2013.
             Slain by a grey rat (5 damage)
             ... while paralysed by a potion of paralysis
             ... in a sewer.
             The game lasted 00:13:15 (2739 turns).

PolkaDot the Ruinous (Vampire Conjurer)             Turns: 2739, Time: 00:13:16

HP  -2/35        AC  2     Str  7      XL: 5   Next:  0%
MP   9/9         EV  2     Int 18      God:
Gold 130         SH  0     Dex 14      Spells:  3 memorised,  1 level left

rFire  . . .     SeeInvis +     h - +2,+0 dagger (speed)
rCold  . . .     Clarity  .     a - +0 robe
rNeg   . . .     Conserve .     (no shield)
rPois  .         rCorr    .     (no helmet)
rElec  .         rRot     .     (no cloak)
SustAb . .       Spirit   .     (no gloves)
rMut   +         Warding  .     (no boots)
Saprov . . .     Stasis   .     f - amulet of resist mutation {unknown}
                                (no ring)
                                (no ring)

@: paralysed, regenerating quickly, slightly resistant to hostile enchantments,
stealthy
A: fangs 3, see invisible, unbreathing
a: no special abilities


You were in a sewer.
You were very full.

You visited 1 branch of the dungeon, and saw 3 of its levels.
You also visited: Sewer.

You collected 130 gold pieces.

Inventory:

Hand weapons
 h - a +2,+0 dagger of speed (weapon)
Armour
 a - a +0 robe (worn)
Magical devices
 p - a wand of frost (13) {unknown}
Scrolls
 d - a scroll of identify {unknown}
 e - a scroll of enchant armour {unknown}
 g - 3 scrolls of random uselessness {unknown}
 i - a scroll of curse armour {unknown}
 j - 2 scrolls of noise {unknown}
 k - 6 scrolls of remove curse {unknown}
 n - a scroll of teleportation {unknown}
 o - a scroll of fog {unknown}
 q - a scroll of enchant weapon II {unknown}
 r - a scroll of immolation {unknown}
Jewellery
 f - an amulet of resist mutation (around neck) {unknown}
Potions
 m - 2 potions of paralysis
 s - a potion of curing
Books
 c - a book of Conjurations

   Spells                             Type                      Level
   *Magic Dart                        Conjuration                  1
   *Searing Ray                       Conjuration                  2
   Dazzling Spray                     Conjuration/Hexes            3
   *Iskenderun's Mystic Blast         Conjuration                  4
   Iskenderun's Battlesphere          Conjuration/Charms           4
   Fulminant Prism                    Conjuration/Hexes            5


   Skills:
 - Level 2.1 Dodging
 - Level 3.0 Stealth
 - Level 2.0 Spellcasting
 * Level 4.7 Conjurations


You had one spell level left.
You knew the following spells:

 Your Spells              Type           Power        Failure   Level  Hunger
a - Magic Dart            Conj           ###.         2%          1    #......
d - Iskenderun's Mystic   Conj           ###.....     28%         4    #####..
s - Searing Ray           Conj           ###...       4%          2    ##.....


Dungeon Overview and Level Annotations

Branches:
Dungeon (3/16)

Altars:


Innate Abilities, Weirdness & Mutations

Your natural rate of healing is unusually fast.
You have razor-sharp teeth.*
You have supernaturally acute eyesight.
You can survive without breathing.*


Message History

You feel somewhat more full.
You continue drinking.
You finish drinking.
A grey rat and a green rat come into view.
The green rat bites you!
You hit the green rat but do no damage. The grey rat bites you.
The green rat barely misses you. The grey rat barely misses you.
You barely miss the green rat. The grey rat bites you.
You hit the green rat but do no damage. The grey rat closely misses you.
The green rat barely misses you.
Drink which item? (? for menu, Esc to quit)
You suddenly lose the ability to move!
It was a potion of paralysis.
The grey rat bites you.
The grey rat bites you but does no damage.
The green rat bites you! The grey rat bites you.
The grey rat completely misses you. The green rat bites you!
* * * LOW HITPOINT WARNING * * *
The grey rat bites you.
You die...

≈≈≈≈≈≈≈≈≈≈≈≈≈≈≈≈≈≈≈≈≈≈≈≈≈≈≈≈
≈≈≈≈≈≈≈≈≈≈≈≈≈≈≈≈≈≈≈≈≈≈≈≈≈≈≈≈
.≈≈≈.≈..≈≈≈≈≈≈≈≈≈≈≈≈≈≈≈≈≈≈≈≈
........%....≈##≈≈≈≈≈≈≈≈≈
.........%.%...####
#........##.....##...
.......###..........
...%....###.........
.####....r@..####...
###..rr.## # #######


You could see a green rat and 2 grey rats.

Vanquished Creatures
  Terence (D:3)
  A green rat (Sewer)
  2 adders (D:2)
  2 worms
  7 grey rats
  3 giant geckos
  An ooze (Sewer)
  4 orcs (D:3)
  3 hobgoblins (D:2)
  3 jackals (D:2)
  7 kobolds
  2 quokkas
  4 ball pythons
  3 bats
  4 giant cockroaches
  5 giant newts
  4 goblins
  10 rats
66 creatures vanquished.

Notes
Turn   | Place    | Note
--------------------------------------------------------------
     0 | D:1      | PolkaDot, the Vampire Conjurer, began the quest for the Orb.
     0 | D:1      | Reached XP level 1. HP: 13/13 MP: 3/3
   463 | D:1      | Reached XP level 2. HP: 19/19 MP: 0/4
   954 | D:2      | Learned a level 2 spell: Searing Ray
  1095 | D:2      | Reached XP level 3. HP: 16/24 MP: 6/6
  1313 | D:2      | Reached skill level 4 in Conjurations
  1962 | D:3      | Noticed Terence
  1982 | D:3      | Killed Terence
  1982 | D:3      | Reached XP level 4. HP: 28/30 MP: 2/7
  2282 | D:3      | Found a glowing drain.
  2295 | Sewer    | Entered a sewer
  2387 | Sewer    | Learned a level 4 spell: Iskenderun's Mystic Blast
  2661 | Sewer    | Reached XP level 5. HP: 35/35 MP: 0/9
  2738 | Sewer    | Paralysed by a potion of paralysis for 6 turns
  2739 | Sewer    | Slain by a grey rat

Action                   |  1- 3 |  4- 6 || total
-------------------------+-------+-------++-------
Melee: Unarmed           |     3 |       ||     3
       Dagger            |    67 |    99 ||   166
 Cast: Magic Dart        |    33 |    18 ||    51
       Searing Ray       |     3 |     4 ||     7
  Use: Potion            |     4 |     3 ||     7
 Stab: Sleeping          |     3 |     1 ||     4
